 Dungeon Crawl Stone Soup version 0.22-a0-93-g6b88ebb (webtiles) character file.

134 KristoblXynda the Ruffian (level 4, -4/36 HPs)
             Began as a Draconian Gladiator on Jan 24, 2018.
             Slain by an ogre
             ... wielding a +0 giant spiked club
              (20 damage)
             ... on level 4 of the Dungeon.
             The game lasted 00:05:11 (2403 turns).

KristoblXynda the Ruffian (Draconian Gladiator)     Turns: 2403, Time: 00:05:12

Health: -4/36      AC:  7    Str: 16    XL:     4   Next: 95%
Magic:  4/4        EV: 13    Int:  9    God:
Gold:   166        SH:  0    Dex: 13    Spells: 3/3 levels left

rFire    . . .     SeeInvis .     - Unarmed
rCold    . . .     Gourm    +   (no shield)
rNeg     . . .     Faith    .   (armour unavailable)
rPois    .         Spirit   .   a - +0 hat
rElec    .         Reflect  .   (no cloak)
rCorr    +         Harm     .   (no gloves)
MR       .....                  (no boots)
Stlth    +.........             p - amulet of the gourmand
HPRegen  0.12/turn              o - +2 ring of protection
MPRegen  0.09/turn              g - ring of resist corrosion

@: no status effects
A: unfitting armour, cold-blooded, AC +5
a: no special abilities


You were on level 4 of the Dungeon.
You were very full.

You visited 1 branch of the dungeon, and saw 4 of its levels.

You collected 166 gold pieces.

Inventory:

Missiles
 b - 2 throwing nets (quivered)
Armour
 a - a +0 hat (worn)
Jewellery
 g - a ring of resist corrosion (right hand)
 o - a +2 ring of protection (left hand)
 p - an amulet of the gourmand (around neck)
Scrolls
 d - 2 scrolls of amnesia {unknown}
 e - 3 scrolls of enchant weapon {unknown}
 j - 2 scrolls of fear {unknown}
 l - a scroll of enchant armour {unknown}
 m - a scroll of teleportation {unknown}
 n - a scroll of identify {unknown}
 q - 3 scrolls of magic mapping {unknown}
 s - a scroll of remove curse {unknown}
 t - a scroll of fog {unknown}
Potions
 f - 2 potions of degeneration {unknown}
 h - a potion of agility {unknown}
 i - a potion of ambrosia
 k - 4 potions of curing {unknown}
Books
 r - a book of Misfortune

   Spells                             Type                      Level
   a - Confusing Touch                Hexes                        1
   b - Confuse                        Hexes                        3
   c - Gell's Gravitas                Translocation                3
   d - Petrify                        Transmutation/Earth          4
   e - Metabolic Englaciation         Hexes/Ice                    5
   f - Yara's Violent Unravelling     Hexes/Transmutation          5
Comestibles
 c - 5 rations


   Skills:
 - Level 2.1 Fighting
 + Level 3.0 Throwing
 + Level 3.7 Dodging
 + Level 4.0 Unarmed Combat


You had 3 spell levels left.
You didn't know any spells.

Dungeon Overview and Level Annotations

Branches:
Dungeon (4/15)
 Temple: D:4-7

Altars:
Elyvilon
Okawaru
Yredelemnul
The Shining One


Innate Abilities, Weirdness & Mutations

Your plain brown scales are hard. (AC +5)
You cannot fit into any form of body armour.
You are cold-blooded and may be slowed by cold attacks.


Message History

You hit the ogre.
The ogre is moderately wounded.
The ogre struggles against the net.
You hit the ogre.
The ogre is heavily wounded.
The ogre struggles against the net.
The net rips apart, and the ogre comes free!
You hit the ogre.
The ogre is heavily wounded.
The ogre hits you with a giant spiked club!
You barely miss the ogre.
The ogre is heavily wounded.
You barely miss the ogre. You punch the ogre.
The ogre is severely wounded.
The ogre hits you with a giant spiked club!
You barely miss the ogre.
The ogre is severely wounded.
The ogre hits you with a giant spiked club!!
Ouch! That really hurt!
You die...

#.. #.# #.# #.# ##+####
###.### ....... .....
#......#####.############
#........O@.........<...#
#.......####.#.##########
#.....#.# #.#.# ##)##
#..# #.#.# # #..# #.#..
.... ....# #...##[#.#
.......#.# #.#.## #.#


You could see an ogre.

Vanquished Creatures
  3 gnolls (D:2)
  2 adders (D:3)
  5 dart slugs
  10 orcs (D:3)
  4 giant cockroaches
  6 goblins
  9 hobgoblins
  4 jackals (D:1)
  6 kobolds
  5 bats
  2 frilled lizards (D:1)
  3 rats
59 creatures vanquished.

Vanquished Creatures (others)
  A gnoll (D:2)
1 creature vanquished.

Grand Total: 60 creatures vanquished

Notes
Turn   | Place    | Note
-------+----------+-------------------------------------------
     0 | D:1      | KristoblXynda the Draconian Gladiator began the quest for the Orb.
     0 | D:1      | Reached XP level 1. HP: 17/17 MP: 1/1
    94 | D:1      | Reached XP level 2. HP: 20/24 MP: 2/2
   496 | D:2      | Found an iron altar of Okawaru.
   514 | D:2      | Found a glowing golden altar of the Shining One.
   530 | D:2      | Reached XP level 3. HP: 28/29 MP: 3/3
   648 | D:2      | Found a white marble altar of Elyvilon.
  1335 | D:2      | Reached XP level 4. HP: 17/36 MP: 4/4
  1808 | D:3      | Found a basalt altar of Yredelemnul.
  2173 | D:3      | Reached skill level 4 in Unarmed Combat
  2387 | D:4      | Noticed an ogre
  2403 | D:4      | Slain by an ogre

Vault maps used:
D:1:      lemuel_arrival_funnel
D:2:      okawaru_ov_weapons_minmay, overflow_temple_1_default,
          overflow_temple_1_default, first_ration
D:3:      yredelemnul_altar_generic
D:4:      lemuel_coloured_pillars_altar, zin_purify, kennysheep_mini,
          grunt_ministairs_5

Skill      XL: |  1  2  3  4 |
---------------+-------------+-----
Throwing       | 2 3 |  3.0
Dodging        | 3 |  3.7
Unarmed Combat | 4 |  4.0
Fighting       | |  2.1

Action                   |  1- 3 |  4- 6 || total
-------------------------+-------+-------++-------
Melee: Unarmed           |   154 |   105 ||   259
       Tailslap          |    20 |    17 ||    37
       Punch             |     1 |     3 ||     4
Throw: Throwing net      |       |     1 ||     1
  Use: Potion            |     2 |       ||     2
 Stab: Invisible         |     4 |       ||     4
       Sleeping          |       |     2 ||     2
  Eat: Chunk             |     1 |    17 ||    18
Armor: Skin              |    39 |    26 ||    65
Dodge: Dodged            |   146 |    62 ||   208

Table legend:
 A = Spawn XP
 B = Non-spawn XP
 C = Spawn XP percentage of total XP
 D = Spawn monster count
 E = Non-spawn monster count
 F = Spawn count percentage of total count
 G = Total turns spent on level
                    A         B        C        D         E        F      G
               +---------+---------+-------+---------+---------+-------+---------
         Total |       0 |     192 |   0.0 |       0 |      60 |   0.0 |  2403
               +---------+---------+-------+---------+---------+-------+---------
           D:1 |       0 |      41 |   0.0 |       0 |      20 |   0.0 |   854
           D:2 |       0 |      78 |   0.0 |       0 |      19 |   0.0 |   705
           D:3 |       0 |      73 |   0.0 |       0 |      21 |   0.0 |   814
               +---------+---------+-------+---------+---------+-------+---------
